 Dungeon Crawl Stone Soup version 0.22-a0-396-g3f858e37d3 (webtiles) character file.

43 Lorindel the Magician (level 3, 0/19 HPs)
             Began as a Deep Elf Wizard on May 4, 2018.
             Succumbed to an adder's poison
             ... on level 2 of the Dungeon.
             The game lasted 00:06:18 (1214 turns).

Lorindel the Magician (Deep Elf Wizard)             Turns: 1214, Time: 00:06:19

Health: 0/19       AC:  2    Str:  9    XL:     3   Next: 37%
Magic:  5/12       EV: 18    Int: 23    God:
Gold:   119        SH:  3    Dex: 18    Spells: 1/14 levels left

rFire    + . .     SeeInvis .   f - +1 spear (freeze)
rCold    x . .     Gourm    .   (no shield)
rNeg     . . .     Faith    .   a - +0 robe
rPois    .         Spirit   .   b - +0 hat
rElec    .         Reflect  +   (no cloak)
rCorr    .         Harm     .   (no gloves)
MR       .....                  (no boots)
Stlth    +++.......             l - +3 amulet of reflection
HPRegen  0.06/turn              m - ring of fire
MPRegen  0.13/turn              (no ring)

@: mighty, agile, lethally poisoned (0 -> -3), hasted, very quick
A: no striking features
a: no special abilities


You were on level 2 of the Dungeon.
You were not hungry.

You visited 1 branch of the dungeon, and saw 2 of its levels.

You collected 119 gold pieces.

Inventory:

Hand Weapons
 f - a +1 spear of freezing (weapon)
Armour
 a - a +0 robe (worn)
 b - a +0 hat (worn)
Jewellery
 l - a +3 amulet of reflection (around neck)
 m - a ring of fire (left hand)
Scrolls
 e - a scroll of remove curse {unknown}
 g - 2 scrolls of teleportation {unknown}
 i - 2 scrolls of identify {unknown}
 j - 2 scrolls of blinking {unknown}
 k - a scroll of enchant armour {unknown}
Comestibles
 d - 3 rations
 h - 4 chunks of flesh


   Skills:
 + Level 0.2 Fighting
 + Level 2.5 Dodging
 + Level 2.4 Stealth
 + Level 6.0 Spellcasting
 + Level 1.1 Conjurations
 + Level 0.2 Hexes
 * Level 1.2 Summonings
 + Level 1.2 Translocations
 + Level 0.0 Fire Magic
 + Level 0.0 Air Magic
 + Level 0.0 Poison Magic


You had one spell level left.
You knew the following spells:

 Your Spells              Type           Power        Failure   Level  Hunger
a - Magic Dart            Conj           ##..         5%          1    None
b - Blink                 Tloc           N/A          8%          2    None
c - Call Imp              Summ           ##......     8%          2    None
d - Slow                  Hex            #.......     12%         2    None
e - Conjure Flame         Conj/Fire      ##......     21%         3    #......
f - Mephitic Cloud        Conj/Pois/Air  #.......     22%         3    #......


Dungeon Overview and Level Annotations

Branches:
Dungeon (2/15)

Altars:


Message History

You feel sick.
You see here a grey potion.
c - a grey potion It was a potion of haste.
You feel yourself speed up.
* * * LOW HITPOINT WARNING * * *
You feel sick.
Found a ration.
* * * LOW HITPOINT WARNING * * *
You feel sick.
* * * LOW HITPOINT WARNING * * *
You feel sick.
* * * LOW HITPOINT WARNING * * *
You feel sick.
A bat comes into view.
The bat moves out of view.
* * * LOW HITPOINT WARNING * * *
You feel sick.
Found an escape hatch in the floor.
Found a stone staircase leading down.
Found an emerald potion.
You die...

### #### #>. ...
#######.#####.#
.......>....@!#
..####.#############.
####
......................
..^.
##.###########.#######
#### #.# .. #.# #. ###
#.# #.###.. #.#
#...... #5# #......


There were no monsters in sight!

Vanquished Creatures
  A leopard gecko (D:1)
  7 bats
  2 giant cockroaches (D:1)
  5 goblins
  4 hobgoblins
  4 jackals (D:1)
  A frilled lizard (D:1)
  3 kobolds (D:1)
  3 rats
30 creatures vanquished.

Vanquished Creatures (collateral kills)
  An adder (D:2)
  2 jackals (D:1)
3 creatures vanquished.

Grand Total: 33 creatures vanquished

Notes
Turn   | Place    | Note
-------+----------+-------------------------------------------
     0 | D:1      | Lorindel the Deep Elf Wizard began the quest for the Orb.
     0 | D:1      | Reached XP level 1. HP: 10/10 MP: 7/7
   188 | D:1      | Reached skill level 5 in Spellcasting
   190 | D:1      | Reached XP level 2. HP: 15/15 MP: 0/10
   438 | D:1      | Learned a level 2 spell: Blink
   441 | D:1      | Learned a level 2 spell: Call Imp
   444 | D:1      | Learned a level 2 spell: Slow
   773 | D:1      | Reached XP level 3. HP: 18/19 MP: 9/12
   778 | D:1      | Learned a level 3 spell: Conjure Flame
   782 | D:1      | Learned a level 3 spell: Mephitic Cloud
  1176 | D:2      | Reached skill level 6 in Spellcasting
  1214 | D:2      | Succumbed to an adder's poison

Vault maps used:
D:1:      nicolae_arrival_memento_mori
D:2:      first_ration, serial_bayou_ford_a

Skill      XL: |  1  2  3 |
---------------+----------+-----
Spellcasting   | 5 6 |  6.0
Fighting       | |  0.2
Dodging        | |  2.5
Stealth        | |  2.4
Conjurations   | |  1.1
Hexes          | |  0.2
Summonings     | |  1.2
Translocations | |  1.2

Action                   || total
-------------------------++-------
Melee: Dagger            ||     8
       Unarmed           ||     3
       Spear             ||     2
 Cast: Magic Dart        ||    70
       Call Imp          ||     3
       Slow              ||     1
  Use: Potion            ||     3
  Eat: Chunk             ||     1
Armor: Robe              ||     4
Dodge: Dodged            ||    31

Table legend:
 A = Spawn XP
 B = Non-spawn XP
 C = Spawn XP percentage of total XP
 D = Spawn monster count
 E = Non-spawn monster count
 F = Spawn count percentage of total count
 G = Total turns spent on level
                    A         B        C        D         E        F      G
               +---------+---------+-------+---------+---------+-------+---------
         Total |       0 |      62 |   0.0 |       0 |      33 |   0.0 |  1214
               +---------+---------+-------+---------+---------+-------+---------
           D:1 |       0 |      43 |   0.0 |       0 |      26 |   0.0 |  1036
           D:2 |       0 |      19 |   0.0 |       0 |       7 |   0.0 |   178
               +---------+---------+-------+---------+---------+-------+---------
